 Dungeon Sprint DCSS version 0.30.1-11-g7821555f0a (webtiles) character file.

Game seed: 12965813949885312993

445 Heoruswealwe the Spear-Bearer (level 6, -24/64 HPs)
             Began as a Minotaur Fighter on Nov 3, 2023.
             Was an Initiate of Gozag.
             Annihilated by a two-headed ogre
             ... wielding a +0 giant club
              (27 damage)
             ... in the Dungeon (Sprint IX: "|||||||||||||||||||||||||||||").
             The game lasted 00:01:22 (128 turns).

Heoruswealwe the Spear-Bearer (Minotaur Fighter)     Turns: 128, Time: 00:01:22

Health: -24/64     AC:  8    Str: 22    XL:     6   Next: 72%
Magic:  5/5        EV:  9    Int:  5    God:    Gozag
Gold:   315        SH:  4    Dex: 10    Spells: 5/5 levels left

rFire   . . .        a - +0 trident
rCold   . . .        d - +0 buckler
rNeg    . . .        c - +0 scale mail
rPois   .            (helmet restricted)
rElec   .            (no cloak)
rCorr   .            (no gloves)
SInv    .            (no boots)
Will    .....        (no amulet) Stlth
                     (no ring)
HPRegen 0.30/turn    (no ring)
MPRegen 0.09/turn

%: no teleportation
@: gold aura, slowed, very slow
A: horns 2, retaliatory headbutt
a: Renounce Religion, Potion Petition, Call Merchant, Bribe Branch


You were in the Dungeon.
You worshipped Gozag.
Gozag was aware of your devotion.
You visited 1 branch You collected 315 gold pieces.

Inventory:

Hand Weapons
 a - a +0 trident (weapon)
Armour
 c - a +0 scale mail (worn)
 d - a +0 buckler (worn)
Jewellery
 m - a +2 ring of evasion
 n - a +3 ring of dexterity
Wands
 l - a wand of roots (10)
Scrolls
 j - 2 scrolls of amnesia
 k - a scroll of blinking
Potions
 b - a potion of might
 e - a potion of invisibility
 f - 3 potions of heal wounds
 g - a potion of haste
 h - 4 potions of curing
 i - a potion of berserk rage


   Skills:
 + Level 9.4 Fighting
 * Level 12.4 Polearms
 + Level 9.4 Armour
 - Level 3.6 Shields


You had 5 spell levels left.
You didn't know any spells.
Your spell library was empty.

Dungeon Overview and Level Annotations

Branches:
Dungeon (1/1)

Altars:
Cheibriados
Dithmenos
Elyvilon
Fedhas
Gozag
Hepliaklqana
Kikubaaqudgha
Makhleb
Nemelex Xobeh
Okawaru
Qazlal
Ru
Sif Muna
Trog
Uskayaw
Vehumet
Wu Jian
Xom
Yredelemnul
Zin
The Shining One
Jiyva
Lugonu


Innate Abilities, Weirdness & Mutations

You have a pair of horns on your head.
You reflexively headbutt those who attack you in melee.


Message History

The wraith hits you!
* * * LOW HITPOINT WARNING * * *
You completely miss the wraith.
The wraith is heavily damaged.
The wraith hits you.
* * * LOW HITPOINT WARNING * * *
The wraith drains your vigour!
You feel yourself slow down.
You hit the wraith but do no damage. Your headbutt misses the wraith.
The wraith is heavily damaged.
The wraith hits you but does no damage.
You barely miss the wraith. You headbutt the wraith.
The wraith is heavily damaged.
The wraith barely misses you. You furiously retaliate!
You headbutt the wraith. You hit the wraith but do no damage.
Your headbutt misses the wraith.
The wraith is heavily damaged.
The wraith hits you!
* * * LOW HITPOINT WARNING * * *
You closely miss the wraith.
The wraith is heavily damaged.
You block the wraith's attack.
You closely miss the wraith.
The wraith is heavily damaged.
The wraith hits you but does no damage.
You hit the wraith. You headbutt the wraith.
The wraith is severely damaged.
The wraith hits you.
* * * LOW HITPOINT WARNING * * *
The wraith drains your vigour!
You feel as though you will be slow longer.
You closely miss the wraith. You headbutt the wraith.
The wraith is almost destroyed.
The wraith barely misses you. The wraith closely misses you.
You furiously retaliate!
You headbutt the wraith!
You destroy the wraith!
Your Fighting skill increases to level 9!
Your Polearms skill increases to level 12!
Your Armour skill increases to level 9!
The two-headed ogre hits you with a +0 giant club!!
You die...
Your body crumbles into a pile of gold.

▓▓▓▓▓▓▓▓▓▓▓▓▓▓▓▓▓▓▓▓▓▓
____'!.).[[[..'$@OYg.+
▓▓▓▓▓▓▓▓▓▓▓▓▓▓▓▓▓▓▓▓▓▓
$ $ $$$


$$$$$ $ $ $ $$$$$ You could see a two-headed ogre, a yak and a gnoll sergeant.

Vanquished Creatures
  A wraith (D)
  A centaur (D)
  An ogre (D)
  A gnoll sergeant (D)
  An iguana (D)
  An orc wizard (D)
  A gnoll (D)
  An orc (D)
  2 bats (D)
  An endoplasm (D)
  A giant cockroach (D)
  A hobgoblin (D)
13 creatures vanquished.

Notes
Turn   | Place    | Note
-------+----------+-------------------------------------------
     0 | D        | Heoruswealwe the Minotaur Fighter began the quest for the
                  | Orb.
     0 | D        | Reached XP level 1. HP: 19/19 MP: 0/0
     7 | D        | Reached skill level 3 in Polearms
    25 | D        | Noticed an ogre
    25 | D        | Noticed an orc wizard
    25 | D        | Noticed an iguana
    30 | D        | Found a snail-covered altar of Cheibriados.
    30 | D        | Found a shadowy altar of Dithmenos.
    30 | D        | Found a white marble altar of Elyvilon.
    30 | D        | Found a blossoming altar of Fedhas.
    30 | D        | Found an opulent altar of Gozag.
    31 | D        | Found a hazy altar of Hepliaklqana.
    32 | D        | Found a viscous altar of Jiyva.
    33 | D        | Found an ancient bone altar of Kikubaaqudgha.
    34 | D        | Found a corrupted altar of Lugonu.
    35 | D        | Found a burning altar of Makhleb.
    36 | D        | Found a sparkling altar of Nemelex Xobeh.
    37 | D        | Found an iron altar of Okawaru.
    38 | D        | Became a worshipper of Gozag Ym Sagoz the Greedy
    42 | D        | Killed an iguana
    43 | D        | Reached skill level 5 in Fighting
    43 | D        | Reached skill level 5 in Polearms
    43 | D        | Reached skill level 5 in Armour
    43 | D        | Reached XP level 2. HP: 22/29 MP: 1/1
    43 | D        | Reached XP level 3. HP: 27/36 MP: 2/2
    54 | D        | Reached skill level 6 in Polearms
    56 | D        | Reached skill level 7 in Polearms
    56 | D        | Reached XP level 4. HP: 30/44 MP: 3/3
    60 | D        | Killed an ogre
    61 | D        | Reached skill level 9 in Polearms
    61 | D        | Reached XP level 5. HP: 37/52 MP: 4/4
    64 | D        | Found a stormy altar of Qazlal.
    65 | D        | Found a sacrificial altar of Ru.
    66 | D        | Found a shimmering blue altar of Sif Muna.
    67 | D        | Found a bloodstained altar of Trog.
    68 | D        | Found a hide-covered altar of Uskayaw.
    69 | D        | Found a radiant altar of Vehumet.
    70 | D        | Found an ornate altar of the Wu Jian Council.
    71 | D        | Found a shimmering altar of Xom.
    72 | D        | Found a basalt altar of Yredelemnul.
    73 | D        | Found a glowing silver altar of Zin.
    74 | D        | Found a glowing golden altar of the Shining One.
    98 | D        | Noticed a centaur
    98 | D        | Noticed a wraith
    98 | D        | Noticed a two-headed ogre
    98 | D        | Noticed a yak
   108 | D        | Reached skill level 10 in Polearms
   111 | D        | Killed a centaur
   112 | D        | Reached skill level 11 in Polearms
   112 | D        | Reached XP level 6. HP: 32/62 MP: 5/5
   126 | D        | HP: 2/62 [wraith (6)]
   127 | D        | Killed a wraith
   128 | D        | Reached skill level 12 in Polearms
   128 | D        | Annihilated by a two-headed ogre

Illustrated notes

Levels and vault maps discovered:
D:        linesprint [early_d, line_temple, items_1, d_10, items_2, lair_1,
          lair_end, items_3, orc_1, orc_end, items_4, d_15, swamp_1, shoals_1,
          snake_1, spider_1, d_20, vaults_1, items_5, swamp_end, shoals_end,
          snake_end, spider_end, vaults_end, d_27, items_6, zot_1, zot_end,
          crypt_end, forest_end, elf_end, slime_end, tomb_end, abyss_end,
          pan_hell_end]

Skill      XL: |  1  2  3  4  5  6 |
---------------+-------------------+-----
Polearms       | 5 7 9 11 12 | 12.4
Fighting       | 5 7 8 9 |  9.4
Armour         | 5 7 8 9 |  9.4
Shields        | |  3.6

Action                     |  1- 3 |  4- 6 || total
---------------------------+-------+-------++-------
  Melee: Trident           |    23 |    32 ||    55
         Headbutt          |     2 |     7 ||     9
    Use: Scroll            |     1 |       ||     1
         Potion            |     1 |       ||     1
 Armour: Scale mail        |     4 |     7 ||    11
  Dodge: Dodged            |    11 |    10 ||    21
  Block: Buckler           |     4 |     6 ||    10
